 Dungeon Crawl Stone Soup version 0.29.1-12-g30fa7ad0bf (webtiles) character file.

Game seed: 18302223817525442677

4741 Eitelfritz the Carver (level 10, -3/75 (77) HPs)
             Began as a Minotaur Gladiator on Jan 13, 2023.
             Was a Follower of Hepliaklqana.
             Shot with a sling bullet by Joseph (7 damage)
             ... on level 8 of the Dungeon.
             The game lasted 00:28:04 (11531 turns).

Eitelfritz the Carver (Minotaur Gladiator)         Turns: 11531, Time: 00:28:04

HP:   -3/75 (77)    AC: 16    Str: 21    XL:     10   Next: 22%
MP:   9/9           EV: 10    Int:  7    God:    Hepliaklqana [*.....]
Gold: 940           SH:  0    Dex: 12    Spells: 9/9 levels left

rFire   . . .      SeeInvis .   a - +0 long sword
rCold   . . .      Faith    .   (no shield)
rNeg    . . .      Spirit   .   D - +0 chain mail
rPois   .          Reflect  .   c - +1 hat
rElec   .          Harm     .   t - +0 cloak
rCorr   +          Rampage  .   F - +0 pair of gloves
Will    .....                   g - +0 pair of boots
Stlth   ..........              (no amulet)
HPRegen 0.22/turn               d - ring of resist corrosion
MPRegen 0.11/turn               (no ring)

@: on berserk cooldown, slowed, studying Invocations, lightly drained, very slow
A: reduced essence, horns 2, retaliatory headbutt
a: Renounce Religion, Recall Ancestor, Ancestor Identity


You were on level 8 of the Dungeon.
You worshipped Hepliaklqana.
Hepliaklqana was aware of your devotion.
You visited 2 branches of the dungeon, and saw 9 of its levels.
You also visited: Ossuary.

You collected 940 gold pieces.

Inventory:

Hand Weapons
 a - a +0 long sword (weapon)
 b - a +0 shortbow
 h - a +0 trident of venom
 E - a +0 flail
Missiles
 e - a javelin (quivered)
 f - 33 poisoned darts
Armour
 c - a +1 hat (worn)
 g - a +0 pair of boots (worn)
 i - a +0 plate armour
 t - a +0 cloak (worn)
 D - a +0 chain mail (worn)
 F - a +0 pair of gloves (worn)
 H - a +0 buckler
Jewellery
 d - a ring of resist corrosion (left hand)
Wands
 j - a wand of digging (3)
 r - a wand of iceblast (6)
 B - a wand of flame (19)
Scrolls
 q - 2 scrolls of teleportation
 u - a scroll of poison
 v - 5 scrolls of identify
 y - 5 scrolls of immolation
 A - a scroll of enchant armour
 C - a scroll of fear
Potions
 l - a potion of lignification
 m - a potion of invisibility
 n - 2 potions of attraction
 o - a potion of magic {unknown}
 p - 3 potions of curing
 s - a potion of brilliance
 w - 2 potions of haste
 x - 3 potions of flight
 z - a potion of might
 G - a potion of cancellation {unknown}


   Skills:
 + Level 7.4 Fighting
 + Level 10.9 Long Blades
 + Level 5.6 Ranged Weapons
 + Level 2.2 Throwing
 + Level 9.4 Armour
 + Level 5.5 Dodging
 + Level 2.5 Stealth


You had 9 spell levels left.
You didn't know any spells.
Your spell library contained the following spells:

 Spells                   Type           Power      Damage    Failure   Level
 Foxfire                  Conj/Fire      0%         2x1d4     97%         1
 Sandblast                Erth           0%         2d4       97%         1
 Ensorcelled Hibernation  Hex/Ice        0%         N/A       99%         2
 Passwall                 Tmut/Erth      0%         N/A       99%         2
 Conjure Flame            Conj/Fire      0%         6-21      100%        3
 Inner Flame              Hex/Fire       0%         N/A       100%        3
 Stone Arrow              Conj/Erth      0%         3d7       100%        3
 Swiftness                Air            0%         N/A       100%        3
 Flame Wave               Conj/Fire      0%         2d4       100%        4


Dungeon Overview and Level Annotations

Branches:
Dungeon (8/15)             Temple (1/1) D:5         Ossuary (visited)
   Lair: D:8-11

Altars:
Cheibriados
Dithmenos
Elyvilon
Gozag
Hepliaklqana
Kikubaaqudgha
Makhleb
Nemelex Xobeh
Okawaru
Qazlal
Ru
Sif Muna
Trog
Uskayaw
Wu Jian
Xom
Yredelemnul
Zin
The Shining One

Annotations:
D:8 Joseph, Psyche


Innate Abilities, Weirdness & Mutations

Your life essence is reduced to manifest your ancestor. (-10% HP)
You have a pair of horns on your head.
You reflexively headbutt those who attack you in melee.


Message History

The wight is almost destroyed.
You slash the wight!
You destroy the wight!
Something hits you!
You blink.
You feel a strong urge to attack something.
Something hits you but does no damage. Space warps around you.
You hit something. Something hits you but does no damage.
You barely miss something. Your headbutt misses something.
You hit something but do no damage. Something hits you.
You completely miss something. Your headbutt misses something.
Something hits you but does no damage. Space warps around you.
You barely miss something. Your headbutt misses something.
You hear some strange, mumbled words.
A swirling arc of seething chaos appears!
An arc of chaos appears from out of thin air!
The arc of chaos hits you.
You closely miss something. You completely miss something.
Your headbutt misses something. Something hits you.
Space warps horribly around you!!
* * * LOW HITPOINT WARNING * * *
You miss something.
You are no longer berserk.
You are exhausted.
You feel yourself slow down. Something hits you but does no damage.
You blink.
Found 29 gold pieces and a potion of curing.
Unknown command.
You hear some strange, mumbled words.
A swirling arc of seething chaos appears!
An arc of chaos appears from out of thin air!
The arc of chaos hits you.
* * * LOW HITPOINT WARNING * * *
You miss something. Your headbutt misses something. Something hits you.
* * * LOW HITPOINT WARNING * * *
Space warps around you.
* * * LOW HITPOINT WARNING * * *
Joseph, a Mercenary comes into view.
He is wielding a +0 quarterstaff and carrying a wand of iceblast (4).
An orc priest comes into view. It is wielding a +0 mace.
You hit something.
Joseph unwields a +0 quarterstaff.
Joseph wields a +0 sling.
Joseph shoots a sling bullet.
The sling bullet hits you!
You die...

...##....#..#
##.##..#....#
##.#####.####
...## #.# ##
.#..# #.# #.
.##.# #.## #!###
## (.#.# #..##
#.#$# .. ....##
##..###.#.#.###.#
#....#
##..)...@.?....o
.....##
#####@###.#$#.#
......## #.# #
.......### #.
......)..#####.
.......#.....###
##.#...#........
####...........
#..........#


You could see Joseph and an orc priest.

Vanquished Creatures
  A kobold demonologist (D:8)
  Grinder (D:3)
  A shadow (D:8)
  Sigmund (D:6)
  A steam dragon (D:8)
  3 water moccasins
  An acid dragon (D:6)
  Duvessa (D:7)
  2 sky beasts
  3 ice beasts
  3 black bears
  6 ogres
  A centaur (D:6)
  2 kobold brigands
  A necrophage (D:5)
  3 bullfrogs
  A gnoll sergeant (D:8)
  2 scorpions
  A wight (D:8)
  2 howler monkeys (D:5)
  A centaur zombie (Ossuary)
  2 gnoll boudas
  3 hounds
  4 jellies
  Crazy Yiuf (D:3)
  Jessica (D:2)
  Ijyb (D:3)
  Terence (D:3)
  Natasha (twice) (D:3)
  6 iguanas
  An orc wizard (D:3)
  5 mummies
  13 gnolls
  10 adders
  2 white imps
  2 ufetubi
  A worm (D:4)
  3 dart slugs
  16 orcs
  8 endoplasms
  A giant cockroach (D:3)
  4 gnoll zombies (Ossuary)
  6 goblins
  7 hobgoblins
  8 jackals
  14 kobolds
  3 quokkas
  9 ball pythons
  3 bats
  5 frilled lizards
  A hobgoblin zombie (Ossuary)
  A kobold zombie (Ossuary)
  An orc zombie (Ossuary)
  6 rats
189 creatures vanquished.

Vanquished Creatures (collateral kills)
  An orc warrior (D:7)
  A kobold brigand (D:7)
  Dowan (D:7)
  A howler monkey (D:8)
  A shadow imp (D:8)
  A white imp (D:7)
  An orc (D:8)
7 creatures vanquished.

Vanquished Creatures (others)
  A bullfrog (D:8)
  4 ancestors
  A dart slug (D:3)
  An orc (D:8)
7 creatures vanquished.

Grand Total: 203 creatures vanquished

Notes
Turn   | Place    | Note
-------+----------+-------------------------------------------
     0 | D:1      | Eitelfritz the Minotaur Gladiator began the quest for the
                  | Orb.
     0 | D:1      | Reached XP level 1. HP: 18/18 MP: 0/0
    40 | D:1      | Reached skill level 4 in Long Blades
    40 | D:1      | Reached XP level 2. HP: 21/25 MP: 1/1
   627 | D:1      | Reached XP level 3. HP: 27/30 MP: 2/2
  1146 | D:2      | Found a faded altar of an unknown god.
  1189 | D:2      | Reached skill level 1 in Armour
  1244 | D:2      | Reached XP level 4. HP: 36/37 MP: 3/3
  1420 | D:2      | Noticed Jessica
  1426 | D:2      | Killed Jessica
  1427 | D:2      | Reached skill level 1 in Ranged Weapons
  1864 | D:3      | Found a runed translucent door.
  1865 | D:3      | Noticed Crazy Yiuf
  2078 | D:3      | Noticed Natasha
  2089 | D:3      | Killed Natasha
  2090 | D:3      | Reached skill level 5 in Long Blades
  2099 | D:3      | Noticed Natasha
  2320 | D:3      | Noticed Ijyb
  2326 | D:3      | Killed Ijyb
  2327 | D:3      | Reached XP level 5. HP: 35/45 MP: 4/4
  2740 | D:3      | Noticed Terence
  2748 | D:3      | Killed Terence
  2782 | D:3      | Noticed Grinder
  2815 | D:3      | Killed Grinder
  2816 | D:3      | Reached skill level 6 in Long Blades
  2816 | D:3      | Reached XP level 6. HP: 30/52 MP: 5/5
  3343 | D:3      | Killed Natasha
  3621 | D:3      | Killed Crazy Yiuf
  4257 | D:4      | Reached XP level 7. HP: 47/59 MP: 6/6
  4875 | D:4      | Reached skill level 7 in Long Blades
  5097 | D:4      | Reached skill level 5 in Armour
  5423 | D:4      | Reached skill level 1 in Stealth
  5494 | D:4      | Reached XP level 8. HP: 16/67 MP: 7/7
  5948 | D:4      | Reached skill level 8 in Long Blades
  6455 | D:5      | Entered Level 5 of the Dungeon
  6593 | D:5      | Reached skill level 5 in Fighting
  6626 | D:5      | Found a staircase to the Ecumenical Temple.
  6930 | D:5      | Reached skill level 9 in Long Blades
  7446 | Temple   | Entered the Ecumenical Temple
  7446 | Temple   | Found a transporter.
  7446 | Temple   | Found a transporter.
  7448 | Temple   | Found a transporter.
  7448 | Temple   | Found a transporter.
  7479 | Temple   | Became a worshipper of Hepliaklqana the Forgotten
  7545 | D:6      | Noticed Sigmund
  7552 | D:6      | Killed Sigmund
  7553 | D:6      | Reached XP level 9. HP: 74/74 MP: 8/8
  7828 | D:6      | Found a sand-covered staircase.
  7834 | Ossuary  | Entered an ossuary
  8738 | D:6      | Reached skill level 10 in Long Blades
  9111 | D:7      | Reached skill level 5 in Dodging
  9464 | D:7      | Reached * piety under Hepliaklqana
  9537 | D:7      | Found an ornate altar of the Wu Jian Council.
  9555 | D:7      | Found an iron altar of Okawaru.
  9663 | D:7      | Noticed Dowan
  9787 | D:7      | Noticed Duvessa
  9795 | D:7      | Killed Dowan
  9810 | D:7      | Killed Duvessa
 10237 | D:7      | Noticed a troll
 10774 | D:8      | Noticed a kobold demonologist
 10793 | D:8      | Noticed a rust devil
 10793 | D:8      | Killed a kobold demonologist
 10794 | D:8      | Reached skill level 5 in Ranged Weapons
 10836 | D:8      | Reached XP level 10. HP: 57/77 MP: 9/9
 11499 | D:8      | Noticed Psyche
 11530 | D:8      | HP: 3/75 [something (3)]
 11530 | D:8      | Noticed Joseph
 11531 | D:8      | Shot with a sling bullet by Joseph

Illustrated notes

Levels and vault maps discovered:
D:1:      eino_arrival_tree_alley, layout_loops_ring, minmay_misc_feat_columns
D:2:      layout_basic, ebering_ecumenical_altar_rust, uniq_jessica
D:3:      layout_loops_corners, wad_orctagon, uniq_terence, uniq_ijyb,
          uniq_crazy_yiuf_cottage, uniq_natasha, uniq_grinder
D:4:      minmay_polygon_palace, layout_basic
D:5:      layout_basic, minmay_temple_entry_crystal_x, minmay_holes,
          serial_bayou_pond_b
D:6:      layout_loops_ring, gup_ossuary_entry_pyramid, uniq_sigmund
D:7:      layout_cave_pods, mainiacjoe_overflow_large_starburst,
          minmay_manual_mail, uniq_duvessa
D:8:      minmay_the_grid_plus_closed [minmay_the_grid_aliased_spiral,
          minmay_the_grid_medium_cups, minmay_the_grid_broken_lines,
          minmay_the_grid_embedded, minmay_the_grid_prize_inner_circle],
          layout_cave_pools, uniq_joseph, uniq_psyche
Temple:   hellmonk_temple_divided_pantheon

Skill      XL: |  1  2  3  4  5  6  7  8  9 10 |
---------------+-------------------------------+-----
Long Blades    | 4 5 6 7 9 10 | 10.9
Dodging        | 4 5 |  5.5
Armour         | 1 3 5 7 8 9 |  9.4
Fighting       | 3 4 5 7 |  7.4
Ranged Weapons | 1 2 3 5 |  5.6
Stealth        | 1 2 |  2.5
Throwing       | |  2.2

Action                   |  1- 3 |  4- 6 |  7- 9 | 10-12 || total
-------------------------+-------+-------+-------+-------++-------
Melee: Long sword        |    77 |    95 |   414 |    52 ||   638
       Headbutt          |     8 |    21 |    80 |     8 ||   117
       Punch             |       |     1 |     6 |       ||     7
 Fire: Sling             |    15 |    10 |    16 |       ||    41
       Shortbow          |       |       |    45 |    13 ||    58
Throw: Throwing net      |       |     6 |     1 |       ||     7
       Javelin           |       |       |       |     1 ||     1
  Use: Scroll            |       |    10 |     8 |       ||    18
       Potion            |       |       |     2 |     1 ||     3
 Stab: Held in net/web   |       |     1 |     1 |       ||     2
       Distracted        |       |       |     1 |     1 ||     2
Armor: Leather armour    |    13 |       |       |       ||    13
       Scale mail        |    10 |    33 |   140 |       ||   183
       Chain mail        |       |       |    23 |    24 ||    47
Dodge: Dodged            |    46 |    53 |   196 |    18 ||   313
Block: Buckler           |       |       |       |     1 ||     1
